 Dungeon Crawl Stone Soup version 0.28-a0-1629-gf728b707aa (webtiles) character file.

Game seed: 13384539720800551320

66 cyrus the Firebug (level 4, 0/37 HPs)
             Began as a Naga Fire Elementalist on Jan 23, 2022.
             Slain by a gnoll (6 damage)
             ... on level 2 of the Dungeon on Jan 24, 2022.
             The game lasted 00:12:26 (2618 turns).

cyrus the Firebug (Naga Fire Elementalist)          Turns: 2618, Time: 00:12:26

Health: 0/37       AC:  2    Str: 10    XL:     4   Next: 15%
Magic:  2/8        EV: 10    Int: 18    God:
Gold:   39         SH:  0    Dex: 11    Spells: 2/8 levels left

rFire   . . .      SeeInvis +   g - +0 flail
rCold   . . .      Faith    .   (no shield)
rNeg    . . .      Spirit   .   a - +0 robe
rPois   +          Reflect  .   (no helmet)
rElec   .          Harm     .   (no cloak)
rCorr   .          Rampage  .   (no gloves)
Will    .....                   (no barding)
Stlth   ++........              (no amulet)
HPRegen 0.12/turn               (no ring)
MPRegen 0.11/turn               (no ring)

@: very slow
A: AC +1, large, see invisible, deformed body, poison resistance, slowness 2,
spit poison 1, naga tail 1
a: Spit Poison


You were on level 2 of the Dungeon.
You visited 1 branch of the dungeon, and saw 2 of its levels.

You collected 39 gold pieces.

Inventory:

Hand Weapons
 c - a +0 dagger
 g - a +0 flail (weapon)
Armour
 a - a +0 robe (worn)
 i - the +3 leather armour "Bohuliu" {-Cast rElec rC+ rN+++}
   (You found it on level 2 of the Dungeon)

   rC:        It protects you from cold.
   rElec:     It insulates you from electricity.
   rN:        It renders you almost immune to negative energy.
   -Cast:     It prevents spellcasting.
Scrolls
 b - 2 scrolls of identify {unknown}
 d - 3 scrolls of silence {unknown}
 e - a scroll of enchant weapon {unknown}
 f - a scroll of fear {unknown}
 h - a scroll of noise {unknown}


   Skills:
 + Level 0.6 Fighting
 + Level 0.2 Short Blades
 + Level 2.0 Dodging
 + Level 3.2 Stealth
 + Level 0.1 Unarmed Combat
 + Level 2.6 Spellcasting
 + Level 1.3 Conjurations
 + Level 3.6 Fire Magic


You had 2 spell levels left.
You knew the following spells:

 Your Spells              Type           Power      Damage    Failure   Level
a - Foxfire               Conj/Fire      44%        2x1d6     6%          1
b - Scorch                Fire           30%        2d6       6%          2
c - Conjure Flame         Conj/Fire      11%        6-21      19%         3

Your spell library contained the following spells:

 Spells                   Type           Power      Damage    Failure   Level
 Inner Flame              Hex/Fire       8%         N/A       24%         3
 Ozocubu's Armour         Ice            2%         N/A       45%         3
 Flame Wave               Conj/Fire      11%        2d5       52%         4
 Metabolic Englaciation   Hex/Ice        1%         N/A       99%         5
 Simulacrum               Ice/Necr       1%         N/A       100%        6


Dungeon Overview and Level Annotations

Branches:
Dungeon (2/15)

Altars:
Kikubaaqudgha


Innate Abilities, Weirdness & Mutations

Your serpentine skin is tough. (AC +1)
You have supernaturally acute eyesight. (SInv)
Armour fits poorly on your strangely shaped body.
Your system is resistant to poisons. (rPois)
You cover ground very slowly.
You can spit poison.
You have a snake-like lower body.


Message History

The foxfire hits the gnoll.
The gnoll is heavily wounded.
A gnoll comes into view. It is wielding a +0 club.
There is an ancient bone altar of Kikubaaqudgha here.
Casting: Foxfire (safe; 7% risk of failure)
Confirm with . or Enter, or press ? or * to list all spells.
You don't know that spell.
Casting: Foxfire (safe; 7% risk of failure)
Confirm with . or Enter, or press ? or * to list all spells.
You conjure some foxfire!
The gnoll closely misses you.
The foxfire hits the gnoll.
The gnoll is severely wounded.
The foxfire hits the gnoll.
The gnoll is almost dead.
Casting: Foxfire (safe; 7% risk of failure)
Confirm with . or Enter, or press ? or * to list all spells.
You conjure some foxfire!
The gnoll hits you from afar with a +0 spear!
Your foxfire dissipates!
The foxfire hits the gnoll.
You kill the gnoll!
Your Dodging skill increases to level 2!
You have reached level 4!
You feel clever.
Casting: Foxfire (safe; 6% risk of failure)
Confirm with . or Enter, or press ? or * to list all spells.
You don't know that spell.
You hit the gnoll.
The gnoll is lightly wounded.
The gnoll hits you with a +0 flail!
You barely miss the gnoll.
The gnoll is lightly wounded.
The gnoll hits you with a +0 flail!
* * * LOW HITPOINT WARNING * * *
The gnoll barely misses you. The gnoll barely misses you.
Casting: Foxfire (safe; 6% risk of failure)
Confirm with . or Enter, or press ? or * to list all spells.
You conjure some foxfire!
The gnoll hits you with a +0 flail.
You die...

##...†...##.....<..# ..##.....
##....†....###<.....###.#......
#...........# ...#... ........♣
#...........# #..###.......♣
#...........# ##.#...#.....♣
##.........## #......#...♣
......#...## ##........♣
...##############g.._)..).♣
.....#.........v@g.....##..≈.≈≈
............######........♣♣≈♣♣
...................#######♣
.............#######
.............# .............#
.............# ............##
.....#.....##


You could see 2 gnolls.

Vanquished Creatures
  2 gnolls (D:2)
  An adder (D:2)
  2 worms (D:2)
  An endoplasm (D:2)
  4 goblins
  4 hobgoblins
  A quokka (D:2)
  6 ball pythons (D:1)
  3 bats (D:1)
  2 frilled lizards (D:1)
  2 kobolds (D:2)
  4 rats (D:1)
32 creatures vanquished.

Vanquished Creatures (others)
  44 foxfires
  2 plants (D:2)
46 creatures vanquished.

Grand Total: 78 creatures vanquished

Notes
Turn   | Place    | Note
-------+----------+-------------------------------------------
     0 | D:1      | cyrus the Naga Fire Elementalist began the quest for the
                  | Orb.
     0 | D:1      | Reached XP level 1. HP: 15/15 MP: 3/3
   804 | D:1      | Reached XP level 2. HP: 22/22 MP: 5/5
   824 | D:1      | Upgraded the game from 0.28-a0-1624-g820543e53a to
                  | 0.28-a0-1629-gf728b707aa
   827 | D:1      | Learned a level 2 spell: Scorch
   828 | D:1      | Found a faded altar of an unknown god.
  1923 | D:2      | Reached XP level 3. HP: 9/28 MP: 3/6
  2142 | D:2      | Learned a level 3 spell: Conjure Flame
  2536 | D:2      | Identified the +3 leather armour "Bohuliu" {-Cast rElec rC+
                  | rN+++}
  2590 | D:2      | Found an ancient bone altar of Kikubaaqudgha.
  2613 | D:2      | Reached XP level 4. HP: 26/37 MP: 2/8
  2618 | D:2      | Slain by a gnoll

Illustrated notes

Levels and vault maps discovered:
D:1:      sevenhm_arrival_forest_fort_large_2, layout_basic,
          chequers_ecumenical_altar_simple_redux, item_on_display_a
D:2:      layout_rooms, basic_altar, serial_bayou_crossing

Skill      XL: |  1  2  3 |
---------------+----------+-----
Dodging        | 2 |  2.0
Fighting       | |  0.6
Short Blades   | |  0.2
Stealth        | |  3.2
Unarmed Combat | |  0.1
Spellcasting   | |  2.6
Conjurations   | |  1.3
Fire Magic     | |  3.6

Action                   |  1- 3 |  4- 6 || total
-------------------------+-------+-------++-------
Melee: Unarmed           |    15 |       ||    15
       Dagger            |    32 |       ||    32
       Flail             |    19 |     2 ||    21
 Cast: Foxfire           |    31 |     1 ||    32
       Scorch            |     3 |       ||     3
 Stab: Sleeping          |     2 |       ||     2
Armor: Robe              |    12 |       ||    12
Dodge: Dodged            |    50 |     2 ||    52

Table legend: (Time is in decaauts)
 A = Elapsed time spent in this place.
 B = Non-inter-level travel time spent in this place.
 C = Inter-level travel time spent in this place.
 D = Time resting spent in this place.
 E = Time spent auto-exploring this place.
 F = Levels seen in this place.
 G = Mean time per level.
                   A        B        C        D        E       F      G
               +--------+--------+--------+--------+--------+-----+--------+
         Total |   3059 |   3059 |      0 |   1042 |   1334 |   2 | 1529.5 |
       Dungeon |   3059 |   3059 |      0 |   1042 |   1334 |   2 | 1529.5 |
               +--------+--------+--------+--------+--------+-----+--------+

Top non-repeatable levels by time:
     D:1: 2141 daAuts
     D:2: 918 daAuts
